 Dungeon Crawl Stone Soup version 0.18-a0-1454-g5e6cd1e (webtiles) character file.

79 MenacingMecha the Chopper (level 4, -3/37 HPs)
             Began as a Hill Orc Gladiator on Mar 1, 2016.
             Slain by Natasha (6 damage)
             ... on level 2 of the Dungeon.
             The game lasted 00:04:51 (1288 turns).

MenacingMecha the Chopper (Hill Orc Gladiator)      Turns: 1288, Time: 00:04:51

Health: -3/37      AC:  4    Str: 18    XL:     4   Next: 38%
Magic:  4/4        EV: 14    Int:  8    God:
Gold:   78         SH:  0    Dex: 11    Spells: 0 memorised, 3 levels left

rFire  . . .     SeeInvis .     a - +0 war axe
rCold  . . .     Gourm    .     b - +0 leather armour
rNeg   . . .     Faith    .     (no shield)
rPois  .         Spirit   .     c - +0 helmet
rElec  .         Dismiss  .     (no cloak)
rCorr  .         Reflect  .     (no gloves)
SustAt .         Harm     .     (no boots)
MR     .....                    (no amulet)
Stlth  ++........               o - +2 ring of evasion
                                k - ring of stealth

@: slowed, very slow, not resistant to hostile enchantments, unstealthy
A: no striking features
a: no special abilities


You were on level 2 of the Dungeon.
You were hungry.

You visited 1 branch of the dungeon, and saw 3 of its levels.

You collected 78 gold pieces.

Inventory:

Hand Weapons
 a - a +0 war axe (weapon)
Missiles
 d - 3 throwing nets (quivered)
Armour
 b - a +0 leather armour (worn)
 c - a +0 helmet (worn)
 p - a +0 plate armour
 s - a +0 ring mail
Jewellery
 k - a ring of stealth (left hand)
 o - a +2 ring of evasion (right hand)
Scrolls
 e - a scroll of fear {unknown}
 i - a scroll of remove curse {unknown}
 j - a scroll of identify {unknown}
 m - a scroll of amnesia {unknown}
Potions
 l - a potion of mutation {unknown}
 n - a potion of haste
 q - a potion of brilliance {unknown}
 r - a potion of heal wounds {unknown}
Comestibles
 f - a bread ration
 h - a meat ration


   Skills:
 - Level 2.4 Fighting
 + Level 6.7 Axes
 - Level 1.7 Throwing
 - Level 2.4 Dodging


You had 3 spell levels left.
You didn't know any spells.

Dungeon Overview and Level Annotations

Branches:
Dungeon (3/15)

Altars:

Annotations:
D:2 Natasha
D:3 MenacingMecha's ghost, amateur HOGl


Message History

Natasha is severely wounded.
Natasha stares at you and mumbles some strange words.
The magic dart hits you! Natasha barely misses you.
You closely miss Natasha.
Natasha is severely wounded.
Natasha zaps a wand.
You feel yourself slow down.
You hit Natasha but do no damage.
Natasha is severely wounded.
Natasha stares at you and mumbles some strange words.
The magic dart hits you!
* * * LOW HITPOINT WARNING * * *
You barely miss Natasha.
Natasha is severely wounded.
Natasha claws you!
* * * LOW HITPOINT WARNING * * *
Natasha completely misses you.
You hit Natasha but do no damage.
Natasha is severely wounded.
Natasha claws you.
You die...

#
...############
.......>......#
........).....#
..###..h@.....#
#.........#
###########


You could see Natasha.

Vanquished Creatures
  Jessica (D:2)
  An adder (D:2)
  An ooze (D:1)
  2 dart slugs
  2 giant geckos (D:2)
  A ball python (D:2)
  6 goblins
  3 hobgoblins
  3 bats (D:1)
  8 kobolds
  7 rats
35 creatures vanquished.

Notes
Turn   | Place    | Note
--------------------------------------------------------------
     0 | D:1      | MenacingMecha the Hill Orc Gladiator began the quest for the Orb.
     0 | D:1      | Reached XP level 1. HP: 18/18 MP: 1/1
    76 | D:1      | Reached XP level 2. HP: 20/25 MP: 2/2
   163 | D:1      | Reached skill level 5 in Axes
   449 | D:1      | Reached XP level 3. HP: 27/30 MP: 3/3
   739 | D:2      | Noticed Natasha
   748 | D:3      | Found a faded altar to an unknown god.
   933 | D:3      | Noticed MenacingMecha's ghost (amateur HOGl)
   950 | D:2      | Noticed Jessica
   964 | D:2      | Killed Jessica
   964 | D:2      | Reached skill level 6 in Axes
   964 | D:2      | Reached XP level 4. HP: 13/37 MP: 4/4
  1288 | D:2      | Slain by Natasha

Vault maps used:
D:1:      ncdulo_watergridlock
D:2:      nemelex_dance_club_becter, uniq_jessica, uniq_natasha, uniq_iyjb
D:3:      overflow_temple_1_default, ecumenical_altar_1

Skill      XL: |  1  2  3 |
---------------+----------+-----
Axes           | 5 6 |  6.7
Fighting       | |  2.4
Throwing       | |  1.7
Dodging        | |  2.4

Action                   |  1- 3 |  4- 6 || total
-------------------------+-------+-------++-------
Melee: War axe           |    98 |    14 ||   112
  Use: Potion            |     1 |       ||     1
 Stab: Sleeping          |     4 |       ||     4
  Eat: Chunk             |       |     1 ||     1
